 Dungeon Crawl Stone Soup version 0.25.1-2-g60ff931df9 (webtiles) character file.

Game seed: 3594283631414153871

4036 Exodus22XD the Carver (level 10, 0/77 HPs)
             Began as a Human Berserker on Oct 17, 2020.
             Was a High Priest of Trog.
             Slain by an ogre
             ... wielding a +0 giant club
              (28 damage)
             ... on level 8 of the Dungeon.
             The game lasted 00:13:35 (11465 turns).

Exodus22XD the Carver (Human Berserker)            Turns: 11465, Time: 00:13:35

Health: 0/77       AC:  9    Str: 20    XL:     10   Next: 48%
Magic:  10/10      EV: 13    Int:  7    God:    Trog [*****.]
Gold:   557        SH:  0    Dex: 16    Spells: 9/9 levels left

rFire    + . .     SeeInvis .   v - +0 long sword
rCold    . . .     Gourm    .   (no shield)
rNeg     + . .     Faith    .   p - +1 scale mail {rF+}
rPois    +         Spirit   .   (no helmet)
rElec    .         Reflect  .   i - scarf {harm}
rCorr    .         Harm     +   (no gloves)
MR       .....                  (no boots)
Stlth    ..........             (no amulet)
HPRegen  0.22/turn              e - ring of positive energy
MPRegen  0.12/turn              u - ring "Yduthen" {rPois Dex+2}

@: no status effects
A: no striking features
a: Berserk, Trog's Hand, Brothers in Arms, Renounce Religion


You were on level 8 of the Dungeon.
You worshipped Trog.
Trog was extremely pleased with you.
You were not hungry.

You visited 1 branch of the dungeon, and saw 8 of its levels.
You also visited: Ossuary.

You collected 557 gold pieces.

Inventory:

Hand Weapons
 n - a +2 dagger of electrocution
 v - a +0 long sword (weapon)
 C - the +7 spear "Zysu" {freeze, +Fly rN++ MP-9 Str+2}
   (You found it on level 6 of the Dungeon)

   It has been specially enchanted to freeze those struck by it, causing extra
   injury to most foes and up to half again as much damage against particularly
   susceptible opponents.
   It can also slow down cold-blooded creatures.
   It affects your strength (+2).
   It greatly protects you from negative energy.
   It affects your magic capacity (-9).
   It lets you fly.
Armour
 i - a scarf of harm (worn)
 p - a +1 scale mail of fire resistance (worn)
 r - a +0 cloak
Jewellery
 e - a ring of positive energy (left hand)
 u - the ring "Yduthen" (right hand) {rPois Dex+2}
   (You found it on level 5 of the Dungeon)

   [ring of poison resistance]

   It affects your dexterity (+2).
   It protects you from poison.
Wands
 o - a wand of digging (12)
Scrolls
 g - 4 scrolls of immolation
 k - a scroll of fear
 l - a scroll of fog
 m - 4 scrolls of teleportation
 q - 7 scrolls of remove curse
 y - a scroll of enchant armour {unknown}
 A - 2 scrolls of enchant weapon {unknown}
 B - a scroll of holy word {unknown}
Potions
 a - 3 potions of cancellation
 b - 3 potions of haste
 d - 2 potions of heal wounds
 f - 5 potions of curing
 h - 4 potions of stabbing
 j - a potion of berserk rage
 s - a potion of might {unknown}
 t - 3 potions of degeneration {unknown}
 w - 2 potions of ambrosia {unknown}
 x - 3 potions of brilliance {unknown}
 D - a potion of invisibility {unknown}
 F - a potion of magic {unknown}
Comestibles
 c - 22 rations


   Skills:
 + Level 6.8 Fighting
 + Level 10.5 Long Blades
 + Level 7.4 Armour
 + Level 4.8 Dodging


You had 9 spell levels left.
You didn't know any spells.
Your spell library was empty.

Dungeon Overview and Level Annotations

Branches:
Dungeon (8/15)             Temple (0/1) D:5            Lair (0/6) D:8
Ossuary (visited)

Altars:
Cheibriados
Gozag
Kikubaaqudgha
Qazlal
Sif Muna
Trog
Uskayaw
The Shining One


Message History

You barely miss the worker ant zombie.
The worker ant zombie is almost destroyed.
The worker ant zombie bites you but does no damage.
You slash the worker ant zombie!
You destroy the worker ant zombie!
Trog accepts your kill.
An ogre comes into view. It is wielding a +0 giant club.
An ogre is nearby!
You hit the ogre.
The ogre is lightly wounded.
The ogre hits you with a +0 giant club!
You hit the ogre but do no damage.
The ogre is lightly wounded.
You hit the ogre.
The ogre is moderately wounded.
The ogre hits you with a +0 giant club!!
You hit the ogre.
The ogre is heavily wounded.
The ogre hits you with a +0 giant club!!
You die...

#.###.###.#
##.##.##.##
##.#.#.## +#
##...## .# ##.##
.# #.# ##.## #.#
##...## #.#
####.....# #.#
#....@..##
#.######.###O.##
#........#
#.....
########.#
#..#### #......#
######.# #.# ###
### #.# #.. ..#
### #.# #.# #.#


You could see an ogre.

Vanquished Creatures
  A hippogriff (D:8)
  Sigmund (D:3)
  A human (D:7)
  A wyvern (D:7)
  4 hogs (D:7)
  The ghost of grovkorv the Ducker, an amateur FeMo (D:4)
  An ice beast (D:8)
  5 ogres
  A centaur (D:6)
  3 bullfrogs
  2 big kobolds (D:7)
  A gnoll sergeant (D:6)
  A scorpion (D:6)
  4 killer bees (D:7)
  A howler monkey (D:7)
  3 bullfrog zombies
  3 crimson imps
  3 orc priests
  2 centaur zombies
  4 hounds
  A jelly (D:6)
  2 bullfrog skeletons
  Crazy Yiuf (D:3)
  2 centaur skeletons (D:6)
  Jessica (D:3)
  Terence (D:3)
  3 iguanas
  An orc wizard (D:7)
  5 worker ants
  A killer bee zombie (D:7)
  13 mummies
  4 worker ant zombies
  4 gnolls (D:6)
  A howler monkey zombie (Ossuary)
  5 adders
  A shadow imp (D:7)
  3 oozes
  4 adder zombies
  2 adder skeletons
  4 worms
  6 dart slugs
  9 leopard geckos
  23 orcs
  7 bats
  5 giant cockroaches
  10 goblins
  6 hobgoblins
  16 jackals
  3 quokkas
  2 ball pythons
  A ball python zombie (Ossuary)
  5 frilled lizards
  A hobgoblin zombie (D:5)
  30 kobolds
  A leopard gecko skeleton (D:6)
  2 leopard gecko zombies (Ossuary)
  An orc zombie (D:5)
  10 rats
240 creatures vanquished.

Vanquished Creatures (others)
  An orc wizard (D:7)
  A withered plant (Ossuary)
2 creatures vanquished.

Grand Total: 242 creatures vanquished

Notes
Turn   | Place    | Note
-------+----------+-------------------------------------------
     0 | D:1      | Exodus22XD the Human Berserker began the quest for the Orb.
     0 | D:1      | Reached XP level 1. HP: 18/18 MP: 1/1
   100 | D:1      | Reached XP level 2. HP: 14/24 MP: 2/2
   377 | D:1      | Reached XP level 3. HP: 15/29 MP: 3/3
   658 | D:1      | Reached ** piety under Trog
  1482 | D:2      | Reached XP level 4. HP: 31/35 MP: 4/4
  1954 | D:2      | Found an ancient bone altar of Kikubaaqudgha.
  1976 | D:2      | Reached skill level 4 in Long Blades
  2285 | D:2      | Found a glowing golden altar of the Shining One.
  2286 | D:2      | Found a hide-covered altar of Uskayaw.
  2735 | D:3      | Reached XP level 5. HP: 42/42 MP: 5/5
  3087 | D:3      | Noticed Terence
  3105 | D:3      | Killed Terence
  3291 | D:3      | Found a runed translucent door.
  3292 | D:3      | Noticed Crazy Yiuf
  3298 | D:3      | Killed Crazy Yiuf
  3298 | D:3      | Reached XP level 6. HP: 48/48 MP: 4/6
  3507 | D:3      | Reached *** piety under Trog
  3554 | D:3      | Noticed Sigmund
  3576 | D:3      | Killed Sigmund
  3576 | D:3      | Reached skill level 5 in Long Blades
  3576 | D:3      | Reached XP level 7. HP: 18/54 MP: 7/7
  3787 | D:3      | Noticed Jessica
  3803 | D:3      | Killed Jessica
  4580 | D:4      | Reached skill level 6 in Long Blades
  4722 | D:4      | Found an opulent altar of Gozag.
  4726 | D:4      | Found a runed translucent gate.
  4726 | D:4      | Found a runed translucent gate.
  4824 | D:4      | Found a runed translucent gate.
  4900 | D:4      | Noticed grovkorv's ghost (amateur FeMo)
  4968 | D:4      | Killed grovkorv's ghost
  4968 | D:4      | Reached XP level 8. HP: 61/61 MP: 8/8
  5195 | D:4      | Found a stormy altar of Qazlal.
  5196 | D:4      | Found a snail-covered altar of Cheibriados.
  5233 | D:5      | Entered Level 5 of the Dungeon
  5334 | D:5      | Found a staircase to the Ecumenical Temple.
  5414 | D:5      | Got a vibrating lead ring
  5554 | D:5      | Found a sand-covered staircase.
  5562 | Ossuary  | Entered an ossuary
  5914 | Ossuary  | Reached skill level 5 in Armour
  5941 | Ossuary  | Reached **** piety under Trog
  5950 | Ossuary  | Reached skill level 7 in Long Blades
  6058 | Ossuary  | Reached skill level 5 in Fighting
  7101 | D:6      | Reached XP level 9. HP: 62/68 MP: 9/9
  7208 | D:6      | Reached skill level 8 in Long Blades
  8142 | D:6      | Got a scorched spear
  8143 | D:6      | Identified the +7 spear "Zysu" {freeze, +Fly rN++ MP-9
                  | Str+2} (You found it on level 6 of the Dungeon)
  8739 | D:6      | Found a shimmering blue altar of Sif Muna.
  9151 | D:7      | Reached skill level 9 in Long Blades
  9316 | D:7      | Reached ***** piety under Trog
 10029 | D:7      | Identified the ring "Yduthen" {rPois Dex+2} (You found it
                  | on level 5 of the Dungeon)
 10108 | D:7      | Reached XP level 10. HP: 76/76 MP: 10/10
 10117 | D:7      | Reached skill level 10 in Long Blades
 10220 | D:7      | Found a bloodstained altar of Trog.
 10906 | D:8      | Found a staircase to the Lair.
 11465 | D:8      | Slain by an ogre

Illustrated notes

Levels and vault maps discovered:
D:1:      wander_arrival_chamber, layout_rooms, hangedman_feature_mirror,
          minmay_tromino_v4_c
D:2:      layout_loops_corners, kiku_gazebo_garden_becter,
          gammafunk_temple_overflow_pools, minmay_misc_feat_ornament
D:3:      layout_loops_ring, first_ration, uniq_sigmund, uniq_terence,
          uniq_jessica, uniq_crazy_yiuf_cottage
D:4:      layout_rooms, minitemple, ebering_ghost_gozag
D:5:      layout_basic, minmay_temple_entry_sparse_star,
          nicolae_ossuary_entry_giza
D:6:      layout_basic, lemuel_round_altar, st_stairs_8
D:7:      kennysheep_kobold_camp, layout_basic, grunt_livestock,
          trog_three_pillars_becter
D:8:      layout_loops_corners, lair_entry_dummy

Skill      XL: |  1  2  3  4  5  6  7  8  9 10 |
---------------+-------------------------------+-----
Long Blades    | 4 5 6 7 9 10 | 10.5
Fighting       | 4 5 6 |  6.8
Armour         | 3 4 5 6 7 |  7.4
Dodging        | 3 4 |  4.8

Action                   |  1- 3 |  4- 6 |  7- 9 | 10-12 || total
-------------------------+-------+-------+-------+-------++-------
Melee: Falchion          |    89 |   158 |   195 |       ||   442
       Long sword        |       |       |   452 |    90 ||   542
Invok: Berserk           |     1 |     4 |     7 |     1 ||    13
  Use: Scroll            |       |       |    12 |       ||    12
  Eat: Chunk             |     2 |    10 |    18 |     6 ||    36
       Ration            |       |       |     3 |       ||     3
Armor: Animal skin       |    13 |       |       |       ||    13
       Ring mail         |    12 |    15 |       |       ||    27
       Chain mail        |       |    44 |       |       ||    44
       Scale mail        |       |     6 |   211 |    13 ||   230
Dodge: Dodged            |    51 |    79 |   348 |    44 ||   522
       Rpst.: Falchion   |    18 |    27 |    37 |       ||    82
       Long sword        |       |       |    73 |    14 ||    87
